 Dungeon Crawl Stone Soup version 0.25.1-2-g60ff931df9 (webtiles) character file.

Game seed: 10986475113314149578

10 funkygono the Skirmisher (level 2, 19/19 HPs)
             Began as a Gargoyle Fighter on Sept 6, 2020.
             Got out of the dungeon alive.
             The game lasted 00:01:23 (608 turns).

funkygono the Skirmisher (Gargoyle Fighter)          Turns: 608, Time: 00:01:23

Health: 19/19      AC:  9    Str: 19    XL:     2   Next: 20%
Magic:  2/2        EV:  7    Int:  8    God:
Gold:   49         SH:  9    Dex:  9    Spells: 1/1 levels left

rFire    . . .     SeeInvis .   a - +0 flail
rCold    . . .     Gourm    .   c - +0 kite shield
rNeg     + . .     Faith    .   b - +0 scale mail
rPois    ∞         Spirit   .   (no helmet)
rElec    +         Reflect  .   (no cloak)
rCorr    .         Harm     .   (no gloves)
MR       .....                  (no boots)
Stlth    ..........             (no amulet)
HPRegen  0.06/turn              (no ring)
MPRegen  0.08/turn              (no ring)

@: no status effects
A: negative energy resistance 1, electricity resistance, unbreathing,
petrification resistance, rot immunity, AC +2
a: no special abilities


You escaped.
You were not hungry.

You visited 1 branch of the dungeon, and saw 1 of its levels.

You collected 49 gold pieces.

Inventory:

Hand Weapons
 a - a +0 flail (weapon)
Missiles
 e - 23 stones (quivered)
Armour
 b - a +0 scale mail (worn)
 c - a +0 kite shield (worn)
Scrolls
 h - a scroll of remove curse {unknown}
 i - a scroll of identify {unknown}
Potions
 d - a potion of might
 g - a potion of curing {unknown}
 j - a potion of stabbing {unknown}
Comestibles
 f - 2 rations
 k - 4 chunks of flesh


   Skills:
 * Level 3.6 Fighting
 * Level 2.0 Maces & Flails
 * Level 3.5 Armour
 - Level 3.4 Shields


You had one spell level left.
You didn't know any spells.
Your spell library was empty.

Dungeon Overview and Level Annotations

Branches:
Dungeon (1/15)

Altars:


Innate Abilities, Weirdness & Mutations

You are resistant to torment.
Your stone body is resilient. (AC +2)
You are immune to poison.
You resist negative energy. (rN+)
You are resistant to electric shocks. (rElec)
You can survive without breathing.
You are immune to petrification.
You are immune to rotting.


Message History

Done exploring.
There is an open door here.
The demigod shouts!
The octopode shouts!
There is an open door here.
The centaur shouts!
The demonspawn shouts!
The felid hisses angrily.
The troll shouts!
The kobold shouts!
The elf shouts!
The human shouts!
The minotaur bellows!
The merfolk shouts!
The draconian roars!
The ogre shouts!
The dwarf shouts!
The halfling shouts!
The naga shouts!
The spriggan shouts!
There is an open door here.
There is a staircase leading out of the dungeon here.
Are you sure you want to leave the Dungeon?
This will make you lose the game!
Alright, then stay!
Are you sure you want to leave the Dungeon?
This will make you lose the game!
You have escaped!

##### #.@.# ###
#...# ###.# ###'###
#...# #a#.#o# #.#.#
###.######### #.#.#
#9#.#V#.....##### ##
#.#.#
###.###.###.....# #.
#.#.#
#i#.#M#.#######.# #.
#.#.#
###.###.........###.


There were no monsters in sight!

Vanquished Creatures
  A giant cockroach (D:1)
  2 goblins (D:1)
  3 jackals (D:1)
  A kobold (D:1)
  A frilled lizard (D:1)
8 creatures vanquished.

Notes
Turn   | Place    | Note
-------+----------+-------------------------------------------
     0 | D:1      | funkygono the Gargoyle Fighter began the quest for the Orb.
     0 | D:1      | Reached XP level 1. HP: 14/14 MP: 1/1
     2 | D:1      | Noticed a formicid
     4 | D:1      | Noticed a gargoyle
     4 | D:1      | Noticed a vampire
     6 | D:1      | Noticed a spriggan
     8 | D:1      | Noticed a naga
     8 | D:1      | Noticed a ghoul
    10 | D:1      | Noticed a dwarf
    10 | D:1      | Noticed a halfling
    12 | D:1      | Noticed a draconian
    12 | D:1      | Noticed an ogre
    14 | D:1      | Noticed a minotaur
    14 | D:1      | Noticed a merfolk
    16 | D:1      | Noticed an elf
    16 | D:1      | Noticed a human
    18 | D:1      | Noticed a tengu
    20 | D:1      | Noticed a troll
    22 | D:1      | Noticed a demonspawn
    22 | D:1      | Noticed a felid
    24 | D:1      | Noticed a centaur
    24 | D:1      | Noticed a vine stalker
    26 | D:1      | Noticed a demigod
    26 | D:1      | Noticed an octopode
   428 | D:1      | Reached XP level 2. HP: 19/19 MP: 2/2
   608 | D:$      | Got out of the dungeon alive.

Illustrated notes

Levels and vault maps discovered:
D:1:      kb_arrival_jail, layout_basic, skrybe_limestone_x

Action                   || total
-------------------------++-------
Melee: Flail             ||    25
Armor: Scale mail        ||    17
Dodge: Dodged            ||    12
Block: Kite shield       ||    15
